Map: Heavy Artillery LE

Players

Massa - Winner!

  • Race: Terran Terran
  • League: Platinum
  • Spawn Location: 3:00

qqq - Winner!

  • Race: Protoss Protoss
  • League: Platinum
  • Spawn Location: 1:00

nrKst

  • Race: Protoss Protoss
  • League: Platinum
  • Spawn Location: 7:00

floi

  • Race: Zerg Zerg
  • League: Diamond
  • Spawn Location: 7:00

VOD

Have the link to the VOD?

Description

Time

  • Played on: Sept. 27, 2020, 7:39 a.m.
  • Length: 13:40
Show
View Real Time Build Order
Export as new Build Order

Massa Terran - Winner!

Build Orders:  

Get SALT Encoding   

  12  0:00  SCV  
  13  0:12  SCV  
  14  0:17  Supply Depot  
  14  0:24  SCV  
  15  0:39  SCV  
  15  0:41  Barracks  
  16  0:46  Refinery  
  16  0:51  SCV  
  17  1:03  SCV  
  18  1:15  SCV  
  19  1:27  SCV  
  20  1:34  Reaper  
  20  1:39  Orbital Command  
  21  1:43  Command Center  
  21  2:00  Supply Depot  
  21  2:05  SCV, Marine  
  23  2:16  Factory  
  23  2:22  SCV  
  24  2:28  Barracks Reactor  
  24  2:34  SCV  
  24  2:48  Command Center  
  24  3:04  Orbital Command  
  24  3:18  Bunker  
  24  3:19  SCV  
  25  3:26  Hellion x2  
  29  3:30  Barracks Tech Lab  
  29  3:31  SCV  
  29  3:32  SCV  
  31  3:43  SCV  
  31  3:44  SCV  
  31  3:47  Hellion x2  
  31  3:48  Barracks  
  37  3:53  Barracks  
  37  3:55  SCV  
  38  3:56  Refinery  
  38  3:59  Starport  
  38  4:00  Marauder  
  40  4:07  SCV  
  40  4:08  Hellion, Stimpack  
  40  4:09  Hellion  
  45  4:14  Orbital Command  
  45  4:16  SCV  
  46  4:26  Marauder  
  48  4:32  Widow Mine  
  48  4:37  SCV x2  
  52  4:43  SCV  
  53  4:47  Barracks Reactor, Marauder  
  53  4:49  SCV x2  
  57  4:52  Barracks Reactor  
  57  4:55  SCV  
  57  4:56  Refinery  
  57  4:59  Widow Mine  
  60  5:01  SCV  
  59  5:30  Marauder  
  61  5:47  Barracks  
  61  5:53  Supply Depot  
  61  5:54  Supply Depot  
  61  5:55  Factory Tech Lab, Engineering Bay  
  61  6:05  Refinery  
  61  6:14  SCV, Marine x4  
  61  6:15  Marauder, Medivac  
  61  6:16  SCV  
  61  6:17  Supply Depot  
  61  6:18  Supply Depot  
  71  6:27  SCV  
  71  6:28  SCV  
  71  6:32  Marine x4  
  73  6:36  Marauder  
  71  6:41  Orbital Command  
  71  6:42  Supply Depot x2  
  71  6:50  Marine x4  
  71  6:52  SCV x2  
  77  6:57  Marauder  
  79  7:04  SCV x2  
  79  7:06  Supply Depot  
  79  7:07  Missile Turret  
  79  7:08  Marine x4, Medivac  
  87  7:16  SCV x2  
  87  7:18  Marine  
  90  7:27  Missile Turret  
  90  7:37  SCV x3  
  92  7:38  Medivac  
  92  7:42  Siege Tank  
  92  7:44  Marauder, Marine  
  99  7:45  Marine x5  
  99  7:47  Missile Turret  
  99  7:49  SCV x3  
  108  8:02  Marine  
  108  8:03  Marine x5  
  108  8:05  Marauder  
  116  8:08  Missile Turret  
  116  8:15  Siege Tank  
  109  8:20  Marine x5  
  109  8:21  Marine  
  109  8:26  Missile Turret  
  109  8:27  Marauder  
  117  8:28  Terran Infantry Weapons Level 1  
  117  8:32  Engineering Bay  
  117  8:37  Armory  
  117  8:41  Armory  
  117  8:46  Command Center  
  117  8:48  Missile Turret  
  117  8:58  Supply Depot  
  117  8:59  Supply Depot  
  117  9:00  Terran Infantry Armor Level 1  
  117  9:03  Supply Depot  
  117  9:09  Missile Turret  
  117  9:19  SCV x2, Marine x4  
  117  9:20  SCV, Marauder, Marine x2  
  117  9:23  Supply Depot  
  128  9:26  Supply Depot  
  128  9:27  Supply Depot  
  128  9:31  SCV x2  
  128  9:32  SCV  
  128  9:35  Terran Vehicle And Ship Armor Level 1, Terran Vehicle Weapons Level 1  
  131  9:38  Combat Shield  
  131  9:41  Marauder  
  131  9:43  SCV x2  
  131  9:44  SCV  
  136  9:47  Supply Depot  
  136  9:48  Barracks  
  136  9:49  Smart Servos  
  136  9:50  Supply Depot  
  136  9:51  Barracks  
  133  9:54  Supply Depot  
  128  10:02  Marauder, Liberator  
  128  10:05  Marine  
  128  10:06  Marine x5  
  139  10:10  Supply Depot  
  139  10:16  Supply Depot  
  139  10:20  Planetary Fortress  
  139  10:21  SCV x2  
  139  10:22  SCV  
  139  10:23  Marine x4  
  139  10:24  Refinery, Marauder, Marine x2  
  139  10:26  Refinery  
  150  10:33  SCV x2, Command Center  
  150  10:34  SCV  
  153  10:41  Marine x6  
  159  10:44  Liberator  
  159  10:45  Terran Infantry Weapons Level 2, SCV, Marauder  
  159  10:46  SCV x2  
  167  10:57  Concussive Shells  
  167  10:58  Marine  
  167  10:59  Marine  
  167  11:01  Terran Infantry Armor Level 2  
  169  11:06  Marauder  
  171  11:14  Marine  
  171  11:15  Marine x3  
  171  11:16  Marine  
  171  11:17  Barracks Reactor, Marine  
  178  11:20  Barracks Tech Lab  
  177  11:27  Medivac  
  177  11:28  Marauder  
  177  11:32  Marine x3  
  182  11:33  Marine  
  182  11:49  Marauder  
  184  11:57  Medivac  
  186  12:11  Marauder, Thor  
  194  12:25  Planetary Fortress  
  194  12:27  SCV  
  194  12:28  SCV x3  
  195  12:32  Marauder  
  197  12:39  SCV  
  197  12:40  SCV x2  
  197  12:41  Starport Reactor  
  197  12:43  Fusion Core  
  200  12:48  Supply Depot  
  200  12:49  Supply Depot  
  200  12:50  Supply Depot  
  200  12:51  SCV, Supply Depot  
  198  12:52  SCV, Missile Turret, Supply Depot  
  198  12:53  Missile Turret x2  
  200  13:12  Supply Depot  
  200  13:13  Missile Turret, Supply Depot  
  200  13:14  Supply Depot  
  200  13:15  Missile Turret  
Show
View Real Time Build Order
Export as new Build Order

qqq Protoss - Winner!

Build Orders: Carriers 

Get SALT Encoding   

  12  0:00  Probe  
  13  0:13  Probe  
  14  0:20  Pylon  
  14  0:25  Probe  
  15  0:39  Forge  
  15  0:40  Probe  
  16  0:57  Pylon  
  16  0:59  Pylon  
  16  1:10  Pylon  
  16  1:18  Photon Cannon  
  16  1:27  Photon Cannon  
  16  1:38  Pylon  
  15  1:52  Pylon  
  15  2:12  Photon Cannon  
  15  2:14  Pylon  
  15  2:24  Photon Cannon  
  15  3:06  Probe  
  15  3:07  Gateway  
  15  3:10  Nexus  
  16  3:18  Probe  
  17  3:30  Probe  
  17  3:32  Pylon  
  17  3:42  Probe (Chrono Boost)  
  17  3:46  Assimilator  
  17  3:48  Assimilator  
  18  3:54  Probe (Chrono Boost)  
  19  3:55  Cybernetics Core  
  19  3:59  Probe (Chrono Boost)  
  20  4:07  Pylon  
  20  4:09  Probe  
  21  4:21  Probe  
  22  4:30  Probe, Pylon  
  23  4:33  Probe  
  24  4:42  Probe  
  24  4:45  Probe  
  26  4:51  Stargate  
  26  4:54  Probe  
  26  4:57  Probe  
  28  5:06  Probe, Photon Cannon  
  29  5:09  Probe  
  30  5:19  Probe  
  31  5:21  Probe  
  32  5:31  Probe  
  32  5:33  Probe  
  32  5:34  Stargate  
  34  5:37  Phoenix  
  36  5:43  Probe  
  36  5:45  Probe  
  38  5:55  Probe (Chrono Boost)  
  38  5:56  Assimilator  
  39  5:59  Probe (Chrono Boost)  
  39  6:00  Assimilator  
  39  6:02  Phoenix  
  42  6:07  Probe (Chrono Boost)  
  44  6:15  Probe x2 (Chrono Boost)  
  45  6:21  Probe  
  45  6:22  Probe  
  47  6:27  Phoenix x2  
  51  6:33  Probe  
  51  6:34  Probe  
  53  6:42  Pylon  
  53  6:45  Probe  
  53  6:46  Pylon  
  54  6:50  Pylon  
  54  7:00  Phoenix x2  
  58  7:05  Nexus  
  58  7:07  Pylon  
  58  7:09  Protoss Air Weapons Level 1  
  58  7:25  Phoenix x2  
  62  7:49  Phoenix x2  
  66  8:06  Photon Cannon  
  66  8:14  Phoenix x2  
  70  8:39  Phoenix  
  64  9:37  Phoenix x2  
  68  9:38  Probe (Chrono Boost)  
  68  9:44  Stargate, Fleet Beacon  
  69  9:50  Probe (Chrono Boost)  
  70  9:58  Probe (Chrono Boost)  
  71  10:02  Phoenix x2  
  71  10:05  Probe  
  76  10:17  Probe  
  77  10:21  Nexus  
  77  10:24  Pylon  
  77  10:25  Pylon  
  77  10:27  Phoenix x2  
  81  10:28  Pylon  
  81  10:29  Probe  
  82  10:41  Probe, Nexus  
  83  10:44  Pylon  
  83  10:46  Pylon  
  83  10:49  Pylon  
  83  10:51  Carrier, Stargate  
  83  10:52  Carrier, Phoenix  
  83  10:53  Probe  
  98  10:59  Nexus  
  98  11:00  Assimilator  
  98  11:01  Pylon  
  98  11:04  Pylon, Assimilator  
  98  11:05  Probe  
  98  11:06  Pylon  
  99  11:17  Probe, Carrier  
  106  11:24  Photon Cannon  
  106  11:27  Photon Cannon  
  106  11:29  Probe  
  106  11:30  Photon Cannon  
  107  11:34  Photon Cannon  
  107  11:41  Probe  
  107  11:45  Photon Cannon  
  102  11:49  Photon Cannon  
  102  11:50  Photon Cannon  
  102  11:53  Photon Cannon  
  98  11:55  Carrier  
  104  12:05  Carrier x2  
  104  12:07  Probe x2  
  104  12:08  Probe  
  119  12:19  Probe x3  
  119  12:20  Probe  
  123  12:31  Probe x2  
  123  12:32  Probe x2  
  123  12:34  Photon Cannon  
  123  12:36  Photon Cannon  
  127  12:39  Photon Cannon  
  127  12:43  Probe  
  127  12:44  Probe x3  
  139  12:55  Probe  
  139  12:56  Probe x3  
  148  13:08  Probe x3  
  150  13:20  Probe x3  
Show
View Real Time Build Order
Export as new Build Order

nrKst Protoss 

Build Orders:  

Get SALT Encoding   

  12  0:00  Probe  
  13  0:12  Probe  
  14  0:18  Pylon  
  14  0:24  Probe  
  15  0:36  Gateway  
  15  0:37  Probe (Chrono Boost)  
  16  0:46  Assimilator  
  16  0:49  Probe (Chrono Boost)  
  17  0:54  Probe (Chrono Boost)  
  18  1:11  Probe (Chrono Boost)  
  19  1:19  Forge  
  19  1:47  Zealot  
  19  1:52  Photon Cannon  
  20  1:54  Photon Cannon  
  17  2:09  Probe (Chrono Boost)  
  17  2:14  Pylon  
  18  2:18  Probe (Chrono Boost)  
  19  2:23  Photon Cannon  
  19  2:41  Probe  
  19  2:43  Gateway  
  20  2:45  Pylon  
  20  3:00  Probe  
  21  3:12  Probe (Chrono Boost), Pylon  
  20  3:15  Assimilator  
  20  3:22  Photon Cannon  
  20  3:23  Probe (Chrono Boost)  
  21  3:28  Probe (Chrono Boost)  
  21  3:31  Cybernetics Core  
  22  3:40  Probe  
  23  3:49  Zealot  
  23  3:52  Probe, Pylon  
  26  4:04  Gateway  
  26  4:08  Robotics Facility  
  26  4:12  Warp Gate (Chrono Boost)  
  26  4:23  Probe  
  27  4:29  Stalker  
  29  4:42  Protoss Ground Weapons Level 1  
  29  4:55  Nexus  
  29  4:59  Probe  
  30  5:06  Pylon  
  27  5:26  Probe  
  27  5:28  Shield Battery  
  26  5:30  Stalker (Chrono Boost)  
  30  5:39  Stalker (Chrono Boost)  
  30  5:45  Probe  
  31  5:52  Immortal  
  35  6:00  Probe (Chrono Boost)  
  35  6:03  Stalker  
  38  6:07  Probe (Chrono Boost)  
  40  6:16  Shield Battery  
  40  6:17  Probe x2 (Chrono Boost)  
  41  6:21  Sentry  
  43  6:45  Stalker x2  
  43  6:46  Probe (Chrono Boost)  
  49  6:51  Probe (Chrono Boost)  
  49  6:53  Immortal (Chrono Boost)  
  53  6:56  Probe (Chrono Boost), Protoss Ground Armor Level 1  
  53  7:00  Probe (Chrono Boost)  
  53  7:01  Probe (Chrono Boost)  
  56  7:09  Assimilator  
  56  7:13  Pylon  
  56  7:16  Photon Cannon  
  56  7:19  Pylon  
  56  7:22  Sentry  
  56  7:23  Sentry  
  56  7:29  Probe x2  
  62  7:30  Observer (Chrono Boost)  
  63  7:41  Probe x2  
  65  7:54  Twilight Council, Zealot x2  
  69  8:01  Photon Cannon  
  73  8:05  Immortal  
  73  8:18  Probe x2  
  75  8:23  Photon Cannon  
  75  8:24  Photon Cannon  
  75  8:30  Probe x2  
  75  8:31  Assimilator  
  75  8:32  Blink (Chrono Boost)  
  77  8:42  Probe x2  
  79  8:50  Photon Cannon  
  79  8:51  Photon Cannon  
  79  8:52  Pylon  
  79  8:54  Probe  
  75  8:57  Probe  
  73  9:07  Probe  
  73  9:08  Stalker x2  
  58  9:31  Stalker  
  58  9:32  Stalker  
  58  9:36  Probe  
  58  9:37  Probe  
  62  9:38  Protoss Ground Weapons Level 2 (Chrono Boost)  
  62  9:46  Immortal (Chrono Boost)  
  66  9:59  Stalker x2  
  70  10:05  Gateway  
  70  10:06  Gateway  
  70  10:19  Probe, Photon Cannon  
  70  10:20  Probe  
  70  10:21  Photon Cannon  
  72  10:23  Photon Cannon  
  70  10:30  Stalker x2  
  68  10:44  Shield Battery  
  68  10:46  Photon Cannon  
  68  10:47  Probe x2  
  70  10:51  Immortal (Chrono Boost)  
  70  10:56  Stalker x2  
  78  10:59  Probe x2  
  78  11:01  Stalker x2  
  84  11:11  Probe  
  84  11:12  Probe  
  86  11:25  Nexus  
  86  11:26  Pylon  
  86  11:32  Stalker x2  
  90  11:33  Stalker  
  90  11:36  Sentry  
  82  11:58  Stalker x3  
  82  11:59  Stalker  
  84  12:12  Photon Cannon  
  84  12:13  Photon Cannon  
  84  12:24  Stalker x4  
  92  12:47  Stalker  
  92  12:48  Stalker x3  
  100  12:56  Nexus  
  100  13:00  Pylon  
Show
View Real Time Build Order
Export as new Build Order

floi Zerg 

Build Orders: Hatch First 

Get SALT Encoding   

  12  0:00  Drone  
  13  0:13  Overlord  
  13  0:18  Drone  
  14  0:32  Drone  
  14  0:33  Drone  
  16  0:50  Hatchery  
  16  0:53  Drone  
  16  0:56  Drone  
  17  0:59  Drone  
  18  1:24  Extractor  
  17  1:27  Spawning Pool  
  15  2:17  Spine Crawler  
  15  2:18  Spine Crawler  
  15  2:19  Zergling x4  
  15  2:20  Zergling x4  
  17  2:25  Zergling x2  
  18  2:33  Zergling x2  
  19  2:39  Metabolic Boost  
  16  2:58  Zergling x4  
  16  2:59  Zergling x4  
  18  3:37  Queen  
  20  3:43  Overlord  
  20  4:01  Queen  
  20  4:11  Drone x2  
  20  4:12  Drone x4  
  24  4:25  Overlord  
  24  4:26  Drone  
  24  4:27  Lair  
  24  4:33  Zergling x4  
  26  4:44  Overlord  
  26  4:45  Drone  
  27  4:47  Drone x2  
  27  4:50  Drone  
  30  4:56  Queen  
  32  5:12  Zergling x4  
  32  5:13  Zergling x6  
  36  5:48  Drone x7  
  43  6:00  Overlord  
  43  6:01  Drone  
  44  6:16  Extractor  
  44  6:18  Extractor  
  36  6:46  Drone x7  
  36  6:47  Drone x2  
  45  6:59  Roach Warren, Evolution Chamber  
  45  7:00  Extractor  
  45  7:01  Drone x5  
  45  7:03  Evolution Chamber  
  46  7:08  Overseer  
  46  7:28  Zerg Missile Weapons Level 1, Zerg Ground Armor Level 1  
  46  7:30  Hatchery  
  45  7:50  Hydralisk Den  
  44  7:54  Queen  
  44  7:57  Overlord x3  
  44  7:58  Overlord  
  44  8:07  Overlord x2  
  44  8:08  Overlord  
  44  8:12  Overlord  
  44  8:13  Overlord  
  44  8:15  Queen  
  44  8:19  Spore Crawler  
  45  8:20  Hydralisk x4, Spore Crawler  
  50  8:30  Pneumatized Carapace  
  50  8:38  Overlord x4  
  50  8:44  Spore Crawler  
  50  8:46  Spore Crawler  
  48  8:49  Overlord x2  
  48  8:50  Overlord  
  48  8:57  Hydralisk x4  
  48  8:58  Hydralisk x2  
  60  9:03  Grooved Spines  
  60  9:09  Queen  
  62  9:13  Drone  
  62  9:14  Drone  
  64  9:41  Drone x4  
  64  9:42  Drone x6  
  64  9:44  Zerg Ground Armor Level 2  
  74  9:58  Drone x6  
  74  9:59  Drone x2  
  82  10:09  Extractor  
  82  10:10  Extractor  
  82  10:11  Zerg Missile Weapons Level 2  
  80  10:14  Glial Reconstitution  
  80  10:15  Muscular Augments  
  80  10:17  Drone x2  
  82  10:24  Spore Crawler  
  82  10:26  Spore Crawler  
  76  10:31  Hydralisk x2, Spore Crawler  
  76  10:43  Drone x3, Queen x2  
  83  10:54  Queen  
  85  11:00  Drone x2  
  85  11:01  Drone x7  
  94  11:34  Roach x2  
  94  11:36  Overlord x2  
  97  11:58  Hydralisk  
  97  11:59  Hydralisk x7  
  113  12:07  Overlord x2  
  109  12:38  Infestation Pit  
  109  12:39  Hatchery  
  109  12:44  Roach x9  
  109  12:45  Roach x2  
  109  12:46  Overlord x3  
  109  12:47  Overlord x2  
  129  12:53  Overseer x2  
  117  13:16  Roach  
  117  13:17  Roach x10  
  139  13:22  Spire  
Tags
 
Add a new tag
Caveats
  • Supply blocks, unpowered buildings, or Contaminate may cause inaccurate times.
  • Supply counts are checked every 10 seconds.